 Dungeon Crawl Stone Soup version 0.27-a0-1500-g450c7e4133 (webtiles) character file.

Game seed: 13346752389518686946

131 Tocho the Chopper (level 4, -2/38 HPs)
             Began as a Palentonga Fighter on July 7, 2021.
             Splashed by a jelly's acid (7 damage)
             ... on level 4 of the Dungeon.
             The game lasted 00:04:11 (3146 turns).

Tocho the Chopper (Palentonga Fighter)              Turns: 3146, Time: 00:04:12

Health: -2/38      AC: -7    Str: 20    XL:     4   Next: 91%
Magic:  4/4        EV:  9    Int:  8    God:
Gold:   102        SH:  0    Dex: 10    Spells: 3/3 levels left

rFire    . . .     SeeInvis +   a - +0 war axe
rCold    . . .     Faith    .   (no shield)
rNeg     . . .     Spirit   .   i - +0 leather armour
rPois    .         Reflect  .   (no helmet)
rElec    .         Harm     .   (no cloak)
rCorr    .         Rampage  .   (no gloves)
Will     .....                  (no barding)
Stlth    +.........             (no amulet)
HPRegen  0.12/turn              (no ring)
MPRegen  0.09/turn              (no ring)

@: mighty, corroded
A: large, rugged brown scales 3, see invisible, deformed body, roll 1, armoured
tail
a: Rolling Charge


You were on level 4 of the Dungeon.
You visited 1 branch of the dungeon, and saw 4 of its levels.

You collected 102 gold pieces.

Inventory:

Hand Weapons
 a - a +0 war axe (weapon)
Missiles
 j - 23 poisoned darts
Armour
 b - a +0 scale mail
 c - a +0 kite shield
 i - a +0 leather armour (worn)
Jewellery
 n - a ring of resist corrosion
 p - a ring of see invisible
Scrolls
 g - a scroll of teleportation {unknown}
 h - a scroll of identify {unknown}
 k - a scroll of blinking {unknown}
 o - a scroll of enchant weapon {unknown}
Potions
 d - a potion of might
 e - a potion of curing {unknown}
 f - a potion of lignification {unknown}
 l - 2 potions of heal wounds {unknown}
 m - a potion of haste {unknown}


   Skills:
 + Level 3.6 Fighting
 + Level 3.8 Axes
 + Level 2.8 Armour
 + Level 0.9 Dodging
 + Level 0.1 Stealth
 + Level 2.6 Shields


You had 3 spell levels left.
You didn't know any spells.
Your spell library contained the following spells:

 Spells                   Type           Power      Damage    Failure   Level
 Slow                     Hex            0%         N/A       58%         2
 Confusing Touch          Hex            0%         N/A       83%         3
 Vampiric Draining        Necr           0%         2d6       83%         3


Dungeon Overview and Level Annotations

Branches:
Dungeon (4/15)
 Temple: D:4-7

Altars:

Shops:
D:2 =


Innate Abilities, Weirdness & Mutations

You are completely covered in rugged brown scales. (AC +3, +7% HP)
You have supernaturally acute eyesight. (SInv)
Armour fits poorly on your strangely shaped body.
You can roll at nearby foes to attack.
You have a long armoured tail.


Message History

You hit the quokka but do no damage. The quokka barely misses you.
You slash the quokka!
You kill the quokka!
The jackal bites you.
You closely miss the jackal.
The jackal bites you but does no damage. x2
You closely miss the jackal.
Your tail-slap misses the jackal.
The jackal closely misses you.
You closely miss the jackal. The jackal bites you.
The jackal closely misses you.
You hit the jackal.
The jackal is severely wounded.
The jackal barely misses you. x2
You hit the jackal.
You kill the jackal!
There is a stone staircase leading down here.
You start resting.
You start resting.
HP restored.
You start waiting.
Done waiting.
You climb downwards.
The jelly barely misses you. x2
There is a stone staircase leading up here.
You slash the jelly! The acid corrodes you!
Your hands burn!
You tail-slap the jelly.
The jelly is heavily wounded.
The jelly hits you.
You are splashed with acid.
You hit the jelly. The acid corrodes you!
Your hands burn!
You tail-slap the jelly, but do no damage.
The jelly is heavily wounded.
The jelly hits you. The acid corrodes you!
You are splashed with acid!
The jelly hits you.
* * * LOW HITPOINT WARNING * * *
You are splashed with acid.
* * * LOW HITPOINT WARNING * * *
You feel very mighty all of a sudden. The jelly hits you.
* * * LOW HITPOINT WARNING * * *
You are splashed with acid!
You die...

###### #....# #....#
#....# #..@# ...
######..J# ......
........<# ......
.........+ .....
.........######.....
##..##...#.......#
#..##...#.......#
#.......).J.....#
+.......#.......#


You could see a jelly.

Vanquished Creatures
  A hound (D:4)
  A centaur skeleton (D:4)
  A gnoll (D:1)
  3 worms
  A dart slug (D:1)
  2 orcs (D:3)
  3 ball pythons
  3 endoplasms (D:2)
  3 giant cockroaches
  3 goblins
  4 hobgoblins
  8 jackals
  3 kobolds
  2 quokkas
  6 bats
  A frilled lizard (D:1)
  3 rats
48 creatures vanquished.

Notes
Turn   | Place    | Note
-------+----------+-------------------------------------------
     0 | D:1      | Tocho the Palentonga Fighter began the quest for the Orb.
     0 | D:1      | Reached XP level 1. HP: 19/19 MP: 1/1
     4 | D:1      | Found a faded altar of an unknown god.
   114 | D:1      | Reached XP level 2. HP: 1/25 MP: 2/2
   718 | D:1      | Reached XP level 3. HP: 24/31 MP: 3/3
  1401 | D:2      | Found Heagouxe's Jewellery Emporium.
  2522 | D:3      | Reached XP level 4. HP: 37/37 MP: 4/4
  3146 | D:4      | Splashed by a jelly's acid

Illustrated notes

Levels and vault maps discovered:
D:1:      dpeg_arrival_fog, layout_basic, dreamdust_ecumenical_altar_statues
D:2:      layout_loops_cross, serial_shops, shop, st_stairs_2
D:3:      layout_loops_cross, minmay_misc_feat_iff
D:4:      layout_gridville

Skill      XL: |  1  2  3 |
---------------+----------+-----
Axes           | 3 |  3.8
Fighting       | |  3.6
Armour         | |  2.8
Dodging        | |  0.9
Stealth        | |  0.1
Shields        | |  2.6

Action                   |  1- 3 |  4- 6 || total
-------------------------+-------+-------++-------
Melee: War axe           |   103 |    35 ||   138
       Tailslap          |    11 |     2 ||    13
 Abil: Rolling Charge    |    32 |     4 ||    36
  Use: Potion            |       |     1 ||     1
Armor: Scale mail        |    45 |       ||    45
       Leather armour    |    17 |    16 ||    33
Dodge: Dodged            |    67 |    24 ||    91

Table legend: (Time is in decaauts)
 A = Elapsed time spent in this place.
 B = Non-inter-level travel time spent in this place.
 C = Inter-level travel time spent in this place.
 D = Time resting spent in this place.
 E = Time spent auto-exploring this place.
 F = Levels seen in this place.
 G = Mean time per level.
                   A        B        C        D        E       F      G
               +--------+--------+--------+--------+--------+-----+--------+
         Total |   3196 |   3115 |     81 |    288 |   2467 |   4 |  799.0 |
       Dungeon |   3196 |   3115 |     81 |    288 |   2467 |   4 |  799.0 |
               +--------+--------+--------+--------+--------+-----+--------+

Top non-repeatable levels by time:
     D:3: 1208 daAuts
     D:1: 1151 daAuts
     D:2: 654 daAuts
     D:4: 181 daAuts
